Map: Ujari

Players

STarNooB

  • Race: Protoss Protoss
  • League: Gold
  • Spawn Location: 0:00

YkzLEGEND

  • Race: Zerg Zerg
  • League: Diamond
  • Spawn Location: 3:00

Kawi

  • Race: Zerg Zerg
  • Spawn Location: 3:00

Loken

  • Race: Zerg Zerg
  • League: Platinum
  • Spawn Location: 9:00

dallaskuken

  • Race: Protoss Protoss
  • League: Platinum
  • Spawn Location: 9:00

TimeTwist

  • Race: Zerg Zerg
  • Spawn Location: 0:00

VOD

Have the link to the VOD?

Description

Time

  • Played on: March 22, 2017, 6:18 a.m.
  • Length: 7:09
Show
View Real Time Build Order
Export as new Build Order

STarNooB Protoss 

Build Orders: Oracle Opening 

Get SALT Encoding   

  12  0:02  Probe (Chrono Boost)  
  13  0:13  Probe (Chrono Boost)  
  14  0:23  Pylon  
  14  0:33  Probe (Chrono Boost)  
  15  0:43  Probe (Chrono Boost)  
  15  0:46  Gateway  
  16  0:54  Assimilator, Probe (Chrono Boost)  
  17  1:04  Probe (Chrono Boost)  
  17  1:10  Forge  
  18  1:15  Probe (Chrono Boost)  
  20  1:25  Probe (Chrono Boost)  
  20  1:26  Assimilator  
  20  1:38  Cybernetics Core, Probe (Chrono Boost)  
  21  1:49  Photon Cannon  
  21  1:56  Probe (Chrono Boost)  
  22  2:06  Probe (Chrono Boost)  
  22  2:07  Pylon  
  23  2:08  Warp Gate  
  23  2:19  Stargate  
  24  2:43  Mothership Core (Chrono Boost)  
  25  2:44  Gateway  
  25  2:48  Gateway  
  25  2:58  Oracle  
  28  3:19  Pylon  
  27  3:24  Gateway  
  27  3:30  Pylon  
  27  3:33  Oracle  
  30  3:44  Adept  
  30  4:43  Pylon  
  29  5:01  Adept x2  
  33  5:26  Adept  
  33  5:27  Adept  
  37  5:56  Adept x2  
  39  6:03  Adept x2  
  35  6:45  Adept  
  35  6:46  Adept x3  
Show
View Real Time Build Order
Export as new Build Order

YkzLEGEND Zerg 

Build Orders: Hatch First 

Get SALT Encoding   

  12  0:02  Drone  
  13  0:13  Overlord  
  13  0:19  Drone  
  14  0:48  Hatchery  
  13  0:51  Drone  
  13  0:53  Drone  
  13  0:56  Drone  
  16  1:13  Spawning Pool  
  16  1:16  Extractor  
  14  1:18  Drone  
  14  1:23  Drone  
  16  1:32  Drone  
  17  1:43  Drone  
  18  2:00  Zergling x4  
  20  2:02  Zergling x2  
  20  2:03  Queen  
  20  2:06  Queen  
  25  2:08  Zergling x2  
  25  2:13  Zergling x2  
  27  2:20  Metabolic Boost  
  27  2:21  Zergling x2  
  28  2:37  Overlord  
  27  2:56  Zergling x10  
  27  2:57  Zergling x2  
  33  3:11  Zergling x2  
  33  3:12  Zergling x2  
  35  3:15  Overlord x2  
  34  3:24  Overlord x2  
  32  3:33  Zergling x4  
  33  3:42  Zergling x2  
  33  3:43  Zergling x4  
  32  4:06  Zergling x6  
  32  4:07  Zergling x6  
  38  4:11  Burrow  
  38  4:15  Drone  
  40  4:17  Drone  
  40  4:20  Drone  
  36  4:31  Zergling x2  
  36  4:32  Zergling x4  
  37  4:43  Zergling x2  
  37  4:44  Zergling x4  
  37  4:58  Zergling x2  
  37  4:59  Zergling x10  
  43  5:06  Zergling x4  
  44  5:11  Drone  
  40  5:19  Zergling x6  
  41  5:33  Zergling x10  
  44  5:44  Zergling x4  
  45  5:50  Zergling x6  
  45  5:51  Zergling x4  
  45  5:56  Zergling x2  
  50  5:58  Drone  
  45  6:30  Zergling x4  
  45  6:31  Zergling x14  
  51  6:37  Drone x2  
  51  6:38  Drone, Evolution Chamber  
  51  6:39  Evolution Chamber  
Show
View Real Time Build Order
Export as new Build Order

Kawi Zerg 

Build Orders: Hatch First 

Get SALT Encoding   

  12  0:11  Drone x2  
  14  0:18  Overlord  
  14  0:47  Hatchery  
  13  0:54  Drone x2  
  15  0:58  Drone  
  16  1:09  Drone  
  17  1:26  Drone  
  17  1:27  Drone  
  19  1:35  Spawning Pool  
  18  1:43  Extractor  
  18  1:47  Drone  
  18  1:53  Drone  
  19  1:59  Drone  
  19  2:00  Drone  
  21  2:04  Extractor  
  20  2:14  Drone  
  20  2:15  Drone  
  22  2:22  Queen  
  22  2:24  Queen  
  22  2:27  Drone  
  22  2:28  Drone  
  28  2:37  Overlord  
  28  2:38  Spine Crawler, Overlord  
  27  2:47  Metabolic Boost  
  27  2:56  Zergling x6  
  30  3:00  Zergling x2  
  31  3:12  Zergling x4  
  33  3:20  Zergling x4  
  35  3:33  Zergling x10  
  36  4:02  Zergling x10  
  41  4:03  Zergling x2  
  42  4:10  Spine Crawler  
  33  4:34  Evolution Chamber  
  31  4:41  Zergling x2  
  31  4:42  Zergling x22  
  42  4:50  Drone  
  29  5:45  Zergling x2  
  29  5:46  Zergling x20  
  40  5:52  Queen  
  37  6:15  Zergling x2  
  37  6:16  Zergling x12  
  43  6:46  Spine Crawler  
  36  6:51  Spine Crawler  
Show
View Real Time Build Order
Export as new Build Order

Loken Zerg 

Build Orders: Hatch First 

Get SALT Encoding   

  12  0:01  Drone  
  13  0:13  Overlord  
  13  0:19  Drone  
  14  0:33  Drone x2  
  16  0:37  Drone  
  17  0:46  Drone  
  18  1:07  Drone  
  18  1:08  Hatchery  
  19  1:11  Drone  
  19  1:18  Spawning Pool  
  19  1:22  Extractor  
  17  1:30  Drone  
  17  1:32  Overlord  
  18  1:44  Drone  
  19  2:07  Drone  
  19  2:08  Drone  
  21  2:11  Queen  
  21  2:13  Drone  
  24  2:21  Drone  
  25  2:23  Queen  
  25  2:26  Metabolic Boost  
  27  2:34  Extractor  
  27  2:35  Zergling x4  
  27  2:37  Zergling x2  
  29  2:47  Queen  
  31  2:56  Zergling x8  
  35  3:30  Overlord  
  35  3:31  Overlord x3  
  34  3:52  Zergling x16  
  36  4:09  Zergling x8  
  33  4:41  Zergling x2  
  33  4:42  Zergling x20  
  39  4:49  Hatchery  
  38  4:57  Zergling x2  
  38  4:58  Zergling x4  
  41  5:08  Zergling x12  
  41  5:09  Zergling x2  
  43  5:31  Baneling Nest  
  43  5:33  Zergling x2  
  43  5:34  Zergling x12  
  44  5:58  Drone  
  44  5:59  Drone x4  
  34  6:23  Drone  
  34  6:24  Drone x7  
  42  6:30  Spine Crawler x2  
Show
View Real Time Build Order
Export as new Build Order

dallaskuken Protoss 

Build Orders: Nexus First 

Get SALT Encoding   

  12  0:01  Probe (Chrono Boost)  
  13  0:16  Probe (Chrono Boost)  
  14  0:22  Pylon  
  14  0:27  Probe (Chrono Boost)  
  15  0:41  Probe (Chrono Boost)  
  16  0:51  Probe (Chrono Boost)  
  17  1:02  Probe (Chrono Boost)  
  18  1:05  Nexus  
  18  1:12  Probe (Chrono Boost)  
  19  1:28  Probe (Chrono Boost)  
  20  1:33  Gateway  
  20  1:36  Assimilator  
  20  1:39  Probe (Chrono Boost)  
  21  1:42  Pylon  
  21  1:50  Probe (Chrono Boost)  
  22  2:01  Probe (Chrono Boost)  
  23  2:11  Probe (Chrono Boost)  
  24  2:18  Probe (Chrono Boost)  
  24  2:22  Probe (Chrono Boost)  
  26  2:23  Cybernetics Core  
  26  2:26  Assimilator  
  26  2:29  Probe (Chrono Boost)  
  27  2:32  Probe (Chrono Boost)  
  28  2:39  Probe (Chrono Boost)  
  28  2:43  Probe (Chrono Boost)  
  30  2:47  Pylon  
  30  2:50  Probe (Chrono Boost)  
  31  2:53  Probe (Chrono Boost)  
  32  3:00  Probe (Chrono Boost)  
  32  3:01  Zealot  
  32  3:05  Probe (Chrono Boost)  
  36  3:17  Probe (Chrono Boost)  
  37  3:31  Probe (Chrono Boost)  
  38  3:44  Zealot  
  40  3:50  Pylon  
  40  4:02  Forge  
  36  4:12  Stalker  
  38  4:29  Mothership Core (Chrono Boost)  
  18  5:32  Probe (Chrono Boost)  
  19  5:38  Photon Cannon  
  19  5:41  Photon Cannon  
  19  5:44  Probe (Chrono Boost)  
  15  5:50  Zealot  
  15  5:56  Probe (Chrono Boost)  
  6  6:09  Probe (Chrono Boost)  
  7  6:21  Probe (Chrono Boost)  
  8  6:33  Probe (Chrono Boost)  
  7  6:45  Probe (Chrono Boost)  
  7  6:46  Photon Cannon  
  8  6:47  Photon Cannon  
  8  6:52  Photon Cannon  
  8  6:57  Probe (Chrono Boost)  
Show
View Real Time Build Order
Export as new Build Order

TimeTwist Zerg 

Build Orders: Hatch First 

Get SALT Encoding   

  12  0:02  Drone  
  13  0:12  Overlord  
  13  0:18  Drone  
  14  0:31  Drone x2  
  16  0:37  Drone  
  17  0:56  Hatchery  
  16  0:59  Drone  
  17  1:12  Spawning Pool  
  17  1:15  Drone  
  17  1:18  Drone  
  18  1:22  Drone  
  19  1:30  Overlord  
  19  1:41  Drone  
  20  1:53  Drone  
  21  2:02  Queen  
  21  2:04  Drone  
  21  2:08  Queen  
  24  2:09  Drone  
  27  2:18  Drone  
  28  2:25  Roach Warren  
  28  2:27  Drone x2  
  29  2:31  Extractor  
  29  2:34  Drone x2  
  30  2:43  Queen  
  30  2:44  Queen  
  32  2:49  Overlord  
  34  2:55  Zergling x4  
  34  3:11  Zergling x8  
  38  3:19  Zergling x2  
  40  3:20  Zergling x4  
  39  3:28  Queen  
  39  3:37  Drone x2  
  37  3:52  Roach x2  
  37  3:53  Roach  
  38  4:02  Spore Crawler  
  32  4:16  Roach x2, Spore Crawler  
  35  4:24  Roach  
  35  4:25  Roach  
  39  4:35  Roach x2  
  39  4:37  Drone  
  40  4:44  Roach  
  30  5:24  Metabolic Boost  
  26  5:46  Zergling x8  
  26  5:47  Zergling x6  
  18  6:08  Drone x2  
  20  6:24  Queen, Baneling Nest  
  20  6:25  Drone x2  
  22  6:34  Spine Crawler  
  22  6:38  Zergling x2  
  5  6:54  Drone  
Tags
 
Add a new tag
Caveats
  • Supply blocks, unpowered buildings, or Contaminate may cause inaccurate times.
  • Supply counts are checked every 10 seconds.